Get step-by-step instructions on how to execute this build order below. Start the game timer, and the build order will tick by so you can play in parallel with StarCraft on a second screen or mobile device.

Game Time

  0:00

Last Step

  N/A

Next Step

Upcoming Step



Don't want to look back and forth between 2 screens? Try out our Overwolf App, the Spawning Tool Build Advisor to get an in-game overlay with this build!

Complete Build Order

  12  0:13  Probe (Chrono Boost)  
  13  0:26  Pylon  
  13  0:28  Probe (Chrono Boost)  
  14  0:37  Pylon  
  14  0:38  Probe (Chrono Boost)  
  15  0:47  Gateway  
  15  0:51  Probe (Chrono Boost)  
  16  1:02  Probe (Chrono Boost)  
  17  1:12  Probe (Chrono Boost)